 Dungeon Crawl Stone Soup version 0.29-a0-551-gffc1d7fb78 (webtiles) character file.

Game seed: 12384747131431150021

2020 bande the Shield-Bearer (level 9, -1/67 HPs)
             Began as a Gnoll Wanderer on June 6, 2022.
             Slain by an orc warrior
             ... wielding a +0 short sword
              (9 damage)
             ... on level 6 of the Dungeon.
             The game lasted 00:18:17 (9355 turns).

bande the Shield-Bearer (Gnoll Wanderer)            Turns: 9355, Time: 00:18:17

Health: -1/67      AC: 12    Str: 15    XL:     9   Next: 23%
Magic:  0/27       EV: 14    Int: 10    God:
Gold:   184        SH:  8    Dex: 14    Spells: 21/21 levels left

rFire   . . .      SeeInvis .   u - +2 whip (vamp)
rCold   . . .      Faith    .   b - +2 buckler
rNeg    + . .      Spirit   +   B - +0 pearl dragon scales
rPois   .          Reflect  .   (no helmet)
rElec   .          Harm     .   (no cloak)
rCorr   .          Rampage  .   (no gloves)
Will    .....                   (no boots)
Stlth   +.........              w - amulet of guardian spirit
HPRegen 0.21/turn               f - +4 ring of evasion
MPRegen 0.20/turn               s - ring of magical power

@: no status effects
A: fangs 1, strong nose, distributed training
a: no special abilities


You were on level 6 of the Dungeon.
You visited 1 branch of the dungeon, and saw 6 of its levels.

You collected 184 gold pieces.

Inventory:

Hand Weapons
 a - a +0 hunting sling
 k - a +5 short sword
 m - a +1 vorpal dire flail
 q - a +0 war axe
 t - a +1 vorpal flail
 u - a +2 vampiric whip (weapon)
Armour
 b - a +2 buckler (worn)
 B - +0 pearl dragon scales (worn)
Jewellery
 f - a +4 ring of evasion (left hand)
 l - an amulet of reflection
 s - a ring of magical power (right hand)
 w - an amulet of guardian spirit (around neck)
 z - a ring of wizardry
Wands
 o - a wand of polymorph (9)
 y - a wand of acid (11)
 A - a wand of iceblast (1)
Scrolls
 d - a scroll of blinking
 i - a scroll of magic mapping
 j - a scroll of fear
 n - 2 scrolls of amnesia
 p - a scroll of enchant weapon
 v - a scroll of enchant armour {unknown}
Potions
 c - 3 potions of curing
 e - a potion of ambrosia
 g - 2 potions of haste
 r - 2 potions of mutation {unknown}
 x - 2 potions of flight


   Skills:
 + Level 4.8 Fighting
 + Level 4.0 Short Blades
 + Level 4.0 Long Blades
 + Level 4.0 Axes
 + Level 4.0 Maces & Flails
 + Level 4.0 Polearms
 + Level 4.0 Staves
 + Level 7.8 Slings
 + Level 4.0 Bows
 + Level 4.0 Crossbows
 + Level 4.0 Throwing
 + Level 4.8 Armour
 + Level 4.0 Dodging
 + Level 4.0 Stealth
 + Level 7.8 Shields
 + Level 4.0 Unarmed Combat
 + Level 6.5 Spellcasting
 + Level 3.3 Conjurations
 + Level 3.3 Hexes
 + Level 3.3 Summonings
 + Level 3.3 Necromancy
 + Level 3.3 Translocations
 + Level 3.3 Transmutations
 + Level 3.3 Fire Magic
 + Level 3.3 Ice Magic
 + Level 3.3 Air Magic
 + Level 3.3 Earth Magic
 + Level 3.3 Poison Magic
 + Level 4.4 Invocations
 + Level 4.0 Evocations


You had 21 spell levels left.
You didn't know any spells.
Your spell library was empty.

Dungeon Overview and Level Annotations

Branches:
Dungeon (6/15)
 Temple: D:4-7

Altars:
Xom

Shops:
D:6 *


Innate Abilities, Weirdness & Mutations

You have very sharp teeth.
Your uncanny sense of smell can sniff out nearby items.
Your experience applies equally to all skills.


Message History

You barely miss the orc warrior.
The orc warrior is severely wounded.
The orc barely misses you.
The orc warrior hits you but does no damage.
You hit the orc warrior.
The orc warrior is severely wounded.
The orc misses you.
The orc warrior hits you with a +0 short sword.
* * * LOW HITPOINT WARNING * * *
You closely miss the orc warrior.
The orc warrior is severely wounded.
The orc barely misses you. The orc warrior closely misses you.
You hit the orc warrior but do no damage.
You bite the orc warrior, but do no damage.
The orc warrior is severely wounded.
The orc priest casts a cantrip, but nothing happens.
The orc misses you. You block the orc warrior's attack.
You barely miss the orc warrior.
You bite the orc warrior, but do no damage.
The orc warrior is severely wounded.
The orc closely misses you. The orc warrior completely misses you.
You hit the orc warrior but do no damage.
The orc warrior is severely wounded.
The orc barely misses you. The orc warrior closely misses you.
You hit the orc warrior.
You feel better.
You bite the orc warrior, but do no damage.
The orc warrior is almost dead.
The orc priest begins to cast a cantrip, but forgets the words!
The orc hits you but does no damage. You block the orc warrior's attack.
You completely miss the orc warrior.
The orc warrior is almost dead.
The orc priest calls down the wrath of Beogh upon you.
Beogh smites you!
* * * LOW HITPOINT WARNING * * *
You block the orc's attack. The orc warrior barely misses you.
You barely miss the orc warrior.
The orc warrior is almost dead.
You block the orc's attack.
The orc warrior hits you with a +0 short sword!
You die...

♣♣......♣♣#..#
#♣§.⌠..⌠.∩♣#..#
#§§§.....♣♣#..#
##♣.....♣♣ #.##
.######..#####.# ##.
...............# ....
###.#...#.#######.....
#.......####........
###...####@oo.?.....
#...####o#.##..#..
#..........# ...
#...#!##.#.# #
...........(....
...............##..
...............# .#
#####...#.##.#.# .
#..........#


You could see an orc warrior, an orc priest and an orc.

Vanquished Creatures
  4 yaks (D:6)
  Edmund (D:4)
  An orc warrior (D:3)
  2 black bears
  2 ogres (D:5)
  2 necrophages
  4 crimson imps (D:3)
  A hound (D:5)
  A jelly (D:6)
  A gnoll shaman (D:4)
  Ijyb (D:3)
  Terence (D:2)
  3 iguanas (D:5)
  5 orc wizards
  7 gnolls
  9 adders
  4 worms
  5 dart slugs
  18 orcs
  3 ball pythons
  6 bats
  8 endoplasms
  5 giant cockroaches
  4 goblins
  3 hobgoblins
  2 quokkas
  6 frilled lizards
  7 kobolds
  3 rats
119 creatures vanquished.

Vanquished Creatures (others)
  An orc wizard (D:5)
  5 toadstools (D:6)
6 creatures vanquished.

Grand Total: 125 creatures vanquished

Notes
Turn   | Place    | Note
-------+----------+-------------------------------------------
     0 | D:1      | bande the Gnoll Wanderer began the quest for the Orb.
     0 | D:1      | bande set off with the following items: a +0 hunting sling,
                  | a +2 buckler, a +0 ring mail, a scroll of blinking
     0 | D:1      | Reached XP level 1. HP: 17/17 MP: 6/6
   116 | D:1      | Reached XP level 2. HP: 23/23 MP: 7/7
   519 | D:1      | Found a faded altar of an unknown god.
   531 | D:1      | You fall into a shaft and drop 1 floor!
   546 | D:2      | Reached XP level 3. HP: 16/28 MP: 9/9
   850 | D:2      | Reached skill level 5 in Spellcasting
   899 | D:2      | HP: 1/28 [poisoned by an adder]
  1369 | D:2      | Reached skill level 1 in Invocations
  1899 | D:2      | Reached skill level 1 in Short Blades
  1899 | D:2      | Reached skill level 1 in Long Blades
  1899 | D:2      | Reached skill level 1 in Axes
  1899 | D:2      | Reached skill level 1 in Maces & Flails
  1899 | D:2      | Reached skill level 1 in Polearms
  1899 | D:2      | Reached skill level 1 in Staves
  1899 | D:2      | Reached skill level 1 in Bows
  1899 | D:2      | Reached skill level 1 in Crossbows
  1899 | D:2      | Reached skill level 1 in Throwing
  1899 | D:2      | Reached skill level 1 in Dodging
  1899 | D:2      | Reached skill level 1 in Stealth
  1899 | D:2      | Reached skill level 1 in Unarmed Combat
  1899 | D:2      | Reached skill level 1 in Evocations
  1968 | D:2      | Reached XP level 4. HP: 14/34 MP: 11/11
  2272 | D:2      | Noticed Terence
  2283 | D:2      | Killed Terence
  2284 | D:2      | Reached skill level 1 in Conjurations
  2284 | D:2      | Reached skill level 1 in Hexes
  2284 | D:2      | Reached skill level 1 in Summonings
  2284 | D:2      | Reached skill level 1 in Necromancy
  2284 | D:2      | Reached skill level 1 in Translocations
  2284 | D:2      | Reached skill level 1 in Transmutations
  2284 | D:2      | Reached skill level 1 in Fire Magic
  2284 | D:2      | Reached skill level 1 in Ice Magic
  2284 | D:2      | Reached skill level 1 in Air Magic
  2284 | D:2      | Reached skill level 1 in Earth Magic
  2284 | D:2      | Reached skill level 1 in Poison Magic
  2910 | D:3      | Reached XP level 5. HP: 38/40 MP: 12/12
  2939 | D:3      | Noticed Ijyb
  2969 | D:3      | Killed Ijyb
  3256 | D:3      | Found a shimmering altar of Xom.
  3373 | D:3      | Reached XP level 6. HP: 41/47 MP: 13/13
  4837 | D:4      | Noticed an orc warrior
  4994 | D:3      | Killed an orc warrior
  4995 | D:3      | Reached XP level 7. HP: 34/52 MP: 15/15
  6219 | D:4      | Noticed Edmund
  6258 | D:4      | Killed Edmund
  6927 | D:5      | Entered Level 5 of the Dungeon
  7006 | D:5      | Reached XP level 8. HP: 49/60 MP: 16/16
  8531 | D:6      | Noticed a yak
  8531 | D:6      | Noticed a yak
  8531 | D:6      | Noticed a yak
  8572 | D:6      | Killed a yak
  8799 | D:6      | Noticed a yak
  8828 | D:6      | Killed a yak
  8829 | D:6      | Reached XP level 9. HP: 44/66 MP: 18/18
  9224 | D:6      | Found Ompon's Fire Supplies.
  9355 | D:6      | Slain by an orc warrior

Illustrated notes

Levels and vault maps discovered:
D:1:      lightli_arrival_statue_moat, layout_rooms,
          shapermc_ecumenical_altar_notcrosses, chequers_serial_rivers_small_b,
          chequers_serial_rivers_room_a, minmay_pentomino_z2
D:2:      layout_basic, uniq_terence
D:3:      layout_basic, led_xom_imps, columned_hall_lemuel, uniq_ijyb
D:4:      layout_basic, uniq_edmund
D:5:      layout_loops_corners
D:6:      layout_loops_cross, serial_shops, shop, minmay_gold_behind_fungi,
          nicolae_shop_fire_sale [nicolae_sub_dead_trees],
          grunt_decor_resistance

Skill      XL: |  1  2  3  4  5  6  7  8  9 |
---------------+----------------------------+-----
Spellcasting   | 5 6 |  6.5
Invocations    | 1 2 3 4 |  4.4
Short Blades   | 1 2 3 4 |  4.0
Long Blades    | 1 2 3 4 |  4.0
Axes           | 1 2 3 4 |  4.0
Maces & Flails | 1 2 3 4 |  4.0
Polearms       | 1 2 3 4 |  4.0
Staves         | 1 2 3 4 |  4.0
Bows           | 1 2 3 4 |  4.0
Crossbows      | 1 2 3 4 |  4.0
Throwing       | 1 2 3 4 |  4.0
Dodging        | 1 2 3 4 |  4.0
Stealth        | 1 2 3 4 |  4.0
Unarmed Combat | 1 2 3 4 |  4.0
Evocations     | 1 2 3 4 |  4.0
Conjurations   | 1 2 3 |  3.3
Hexes          | 1 2 3 |  3.3
Summonings     | 1 2 3 |  3.3
Necromancy     | 1 2 3 |  3.3
Translocations | 1 2 3 |  3.3
Transmutations | 1 2 3 |  3.3
Fire Magic     | 1 2 3 |  3.3
Ice Magic      | 1 2 3 |  3.3
Air Magic      | 1 2 3 |  3.3
Earth Magic    | 1 2 3 |  3.3
Poison Magic   | 1 2 3 |  3.3
Fighting       | 3 4 |  4.8
Armour         | 3 4 |  4.8
Slings         | 7 |  7.8
Shields        | 7 |  7.8

Action                   |  1- 3 |  4- 6 |  7- 9 || total
-------------------------+-------+-------+-------++-------
Melee: Short sword       |     2 |   111 |       ||   113
       Bite              |       |    24 |    61 ||    85
       Unarmed           |       |    10 |       ||    10
       Whip              |       |   168 |   420 ||   588
 Fire: Hunting sling     |   160 |       |       ||   160
  Use: Scroll            |     7 |     3 |     2 ||    12
       Potion            |       |     6 |     2 ||     8
 Stab: Invisible         |       |     2 |       ||     2
       Sleeping          |       |     1 |     2 ||     3
Armor: Ring mail         |    40 |    19 |       ||    59
       Skin              |       |    12 |       ||    12
       Swamp dragon scal |       |    17 |    59 ||    76
       Pearl dragon scal |       |       |    13 ||    13
Dodge: Dodged            |    44 |   126 |   154 ||   324
Block: Buckler           |    29 |   116 |   182 ||   327
       Reflection        |       |       |     3 ||     3

Table legend: (Time is in decaauts)
 A = Elapsed time spent in this place.
 B = Non-inter-level travel time spent in this place.
 C = Inter-level travel time spent in this place.
 D = Time resting spent in this place.
 E = Time spent auto-exploring this place.
 F = Levels seen in this place.
 G = Mean time per level.
                   A        B        C        D        E       F      G
               +--------+--------+--------+--------+--------+-----+--------+
         Total |   9392 |   9180 |    212 |   3532 |   3904 |   6 | 1565.3 |
       Dungeon |   9392 |   9180 |    212 |   3532 |   3904 |   6 | 1565.3 |
               +--------+--------+--------+--------+--------+-----+--------+

Top non-repeatable levels by time:
     D:2: 2527 daAuts
     D:4: 2043 daAuts
     D:3: 1855 daAuts
     D:5: 1543 daAuts
     D:6: 872 daAuts
     D:1: 550 daAuts
